 Dungeon Crawl Stone Soup version 0.29-a0-721-g7f417c9bbb (webtiles) character file.

Game seed: 11883940618033144168

11 riojii the Shield-Bearer (level 2, 11/19 HPs)
             Began as a Gargoyle Fighter on June 27, 2022.
             Quit the game on level 1 of the Dungeon.
             The game lasted 00:00:33 (559 turns).

riojii the Shield-Bearer (Gargoyle Fighter)          Turns: 559, Time: 00:00:34

Health: 11/19      AC:  9    Str: 19    XL:     2   Next: 29%
Magic:  2/2        EV:  9    Int:  8    God:
Gold:   18         SH:  4    Dex:  9    Spells: 1/1 levels left

rFire   . . .      SeeInvis .     - Unarmed
rCold   . . .      Faith    .   b - +0 buckler
rNeg    + . .      Spirit   .   a - +0 scale mail
rPois   ∞          Reflect  .   (no helmet)
rElec   +          Harm     .   (no cloak)
rCorr   .          Rampage  .   (no gloves)
Will    .....                   (no boots)
Stlth   ..........              (no amulet)
HPRegen 0.06/turn               (no ring)
MPRegen 0.08/turn               (no ring)

@: no status effects
A: sickness immunity, AC +2, negative energy resistance 1, electricity
resistance, torment resistance 1, petrification resistance
a: no special abilities


You were on level 1 of the Dungeon.
You visited 1 branch of the dungeon, and saw 1 of its levels.

You collected 18 gold pieces.

Inventory:

Armour
 a - a +0 scale mail (worn)
 b - a +0 buckler (worn)
Scrolls
 d - a scroll of blinking {unknown}
 e - a scroll of summoning {unknown}
Potions
 c - a potion of might


   Skills:
 + Level 3.4 Fighting
 + Level 3.4 Armour
 + Level 3.4 Shields
 * Level 2.3 Unarmed Combat


You had one spell level left.
You didn't know any spells.
Your spell library was empty.

Dungeon Overview and Level Annotations

Branches:
Dungeon (1/15)

Altars:


Innate Abilities, Weirdness & Mutations

You are immune to sickness and miasma.
Your stone body is resilient. (AC +2)
You are immune to poison.
You resist negative energy. (rN+)
You are resistant to electric shocks. (rElec)
You are resistant to unholy torment.
You are immune to petrification.


Message History

The dart slug is moderately wounded.
You hit the dart slug but do no damage.
The dart slug is moderately wounded.
The quokka closely misses you.
The dart slug bites you but does no damage.
You hit the dart slug but do no damage.
The dart slug is moderately wounded.
The quokka completely misses you. The dart slug launches a dart at you.
The slug dart hits you but does no damage.
You block the quokka's attack.
You hit the dart slug.
The dart slug is moderately wounded.
The quokka bites you but does no damage.
The dart slug bites you but does no damage.
You hit the dart slug.
The dart slug is heavily wounded.
The quokka bites you but does no damage.
You hit the dart slug.
The dart slug is heavily wounded.
The quokka bites you. The dart slug bites you.
You hit the dart slug.
You kill the dart slug!
The quokka barely misses you.
The quokka bites you but does no damage.
You closely miss the quokka. The quokka barely misses you.
You closely miss the quokka.
The quokka bites you but does no damage.
You closely miss the quokka. The quokka bites you.
You hit the quokka but do no damage. The quokka barely misses you.
A quokka is nearby!
You hit the quokka.
The quokka is heavily wounded.
The quokka closely misses you.
The quokka bites you but does no damage.
A quokka is nearby!
You closely miss the quokka.
The quokka is heavily wounded.
The quokka bites you.
Are you sure you want to abandon this character and quit the game? (Confirm with "yes".)

#.............
#.........###
#####...###
###.# #.######
#......# #
######.# .#
#.#..##..
#@.......
#†r....##
#......#
#......#
#.[....#
.......#
.......#
.......#


You could see a quokka.

Vanquished Creatures
  A dart slug (D:1)
  A bat (D:1)
  An endoplasm (D:1)
  A goblin (D:1)
  A hobgoblin (D:1)
  A quokka (D:1)
  2 kobolds (D:1)
  A rat (D:1)
9 creatures vanquished.

Notes
Turn   | Place    | Note
-------+----------+-------------------------------------------
     0 | D:1      | riojii the Gargoyle Fighter began the quest for the Orb.
     0 | D:1      | Reached XP level 1. HP: 14/14 MP: 1/1
     3 | D:1      | Noticed an electric eel
     4 | D:1      | Noticed an electric eel
    45 | D:1      | Found a faded altar of an unknown god.
   506 | D:1      | Reached XP level 2. HP: 19/19 MP: 2/2
   559 | D:1      | Quit the game

Illustrated notes

Levels and vault maps discovered:
D:1:      arrival_aquarium_b, layout_basic,
          hellmonk_ecumenical_altar_slurped_away

Action                   || total
-------------------------++-------
Melee: Unarmed           ||    54
Armor: Scale mail        ||    25
Dodge: Dodged            ||    22
Block: Buckler           ||    10

Table legend: (Time is in decaauts)
 A = Elapsed time spent in this place.
 B = Non-inter-level travel time spent in this place.
 C = Inter-level travel time spent in this place.
 D = Time resting spent in this place.
 E = Time spent auto-exploring this place.
 F = Levels seen in this place.
 G = Mean time per level.
                   A        B        C        D        E       F      G
               +--------+--------+--------+--------+--------+-----+--------+
         Total |    558 |    558 |      0 |      0 |    470 |   1 |  558.0 |
       Dungeon |    558 |    558 |      0 |      0 |    470 |   1 |  558.0 |
               +--------+--------+--------+--------+--------+-----+--------+

Top non-repeatable levels by time:
     D:1: 558 daAuts
